[Event "Early-Titled-Tuesday-Blitz-July-09-2024"]
[Site "Chess.com"]
[Date "2024.07.09"]
[Round "5"]
[White "maciek_92"]
[Black "Beca95"]
[Result "0-1"]
[WhiteElo "2829"]
[BlackElo "2996"]
[TimeControl "180+1"]
[EndTime "8:58:58 PDT"]
[Termination "Beca95 won by resignation"]

1. c4 e5 2. Nc3 Nf6 3. g3 h6 4. Bg2 Bb4 5. e4 d6 6. Nge2 Nc6 7. O-O Bc5 8. h3 a5 9. d3 Nd4 10. Nxd4 Bxd4 11. Ne2 Bb6 12. d4 Qe7 13. Be3 exd4 14.
Nxd4 O-O 15. Re1 Re8 16. Nb5 Bxe3 17. Rxe3 Rd8 18. Qe2 c6 19. Nc3 Nd7 20. f4 Nc5 21.
Re1 Qf8 22. b3 f6 23. Kh2 Be6 24. Rf1 Qe7 25. e5 dxe5 26. fxe5 f5 27. Qh5 Rd3 28.
Rxd3 Nxd3 29. Qe2 Nc5 30. Rd1 Bf7 31. Qe3 Re8 32. Re1 Nd7 33. Qa7 Nxe5 34. Rf1 Qb4 35. Qd4 g6 36. Rd1 Kh7 37. Ne2 Qe7 38. Nf4 g5 39.
Ne2 Bh5 40. Rd2 Bxe2 41. Rxe2 Ng4+ 42. hxg4 Qxe2 43. Qd7+ Re7 44. Qxf5+ Kg7 45. Qxa5 Qxg4 46. Qc3+ Kh7 47. Bf3 Qe6 48. Bd1 Qe5 49. Qd3+ Kg7 50.
Bc2 Qe2+ 51. Kh3 Qxd3 52. Bxd3 Re3 53. Bf5 c5 54. Kg4 b6 0-1

[Event "Early-Titled-Tuesday-Blitz-July-09-2024"]
[Site "Chess.com"]
[Date "2024.07.09"]
[Round "5"]
[White "FormerProdigy"]
[Black "Alonmindlin"]
[Result "1-0"]
[WhiteElo "2980"]
[BlackElo "2711"]
[TimeControl "180+1"]
[EndTime "8:58:58 PDT"]
[Termination "FormerProdigy won by resignation"]

1. d4 Nf6 2. Bf4 d5 3. e3 c5 4. c3 Nc6 5. Nd2 Qb6 6. Qb3 c4 7. Qc2 Bg4 8. b3 cxb3 9. axb3 e6 10. Bd3 Rc8 11. Qb2 Be7 12. h3 Bh5 13. Ngf3 Bg6 14.
Bxg6 hxg6 15. O-O O-O 16. Rfc1 a5 17. Ne1 Ra8 18. Nd3 Rfc8 19. c4 Nb4 20. Ne5 Qd8 21.
Ndf3 Nd7 22. Qe2 Nxe5 23. Nxe5 Bf6 24. c5 b6 25. Qb5 bxc5 26. Rxc5 Rxc5 27. dxc5 g5 28.
Bg3 d4 29. Rd1 Qd5 30. Rxd4 Qxb3 31. Qb7 Rf8 32. c6 Qc3 33. c7 Nd5 34. Rc4 Qa1+ 35.
Kh2 Bxe5 36. c8=Q Bxg3+ 37. fxg3 Rxc8 38. Rxc8+ Kh7 39. Qxf7 Nf6 40. Qxe6 Qf1 41. Rc5 g4 42. Qf5+ Qxf5 43. Rxf5 a4 44. Ra5 a3 45. Rxa3 Nd5 46. e4 Ne7 47. e5 Kg6 48. Ra7 Nd5 49. e6 Kf6 50. Rf7+ Kxe6 51. Rxg7 Ne3 52. hxg4 Kf6 53. Rg8 Kf7 54. Ra8 Nxg4+ 55. Kh3 Ne5 56. g4 Kg6 57.
Kh4 Kg7 58. Ra7+ Kg6 59. Ra6+ Kg7 60. Kh5 1-0

[Event "Early-Titled-Tuesday-Blitz-July-09-2024"]
[Site "Chess.com"]
[Date "2024.07.09"]
[Round "5"]
[White "Lion-Al-Messi"]
[Black "alexrustemov"]
[Result "0-1"]
[WhiteElo "2661"]
[BlackElo "2880"]
[TimeControl "180+1"]
[EndTime "8:58:59 PDT"]
[Termination "alexrustemov won by resignation"]

1. e4 e6 2. d4 d5 3. exd5 exd5 4. Bd3 Nc6 5. Nf3 Bd6 6. O-O Bg4 7. Re1+ Nge7 8. c3 Qd7 9. Nbd2 Bf5 10. Bxf5 Qxf5 11. Nf1 O-O 12. Ng3 Qd7 13. b4 a6 14. a4 Rfe8 15. Be3 Nf5 16. Qd3 Bxg3 17. hxg3 Nd6 18. Bf4 Nc4 19. b5 axb5 20. axb5 Rxa1 21. Rxa1 N6a5 22.
Ng5 g6 23. Nf3 f6 24. g4 Re4 25. g3 Rxf4 26. gxf4 Qxg4+ 27. Kh1 Qxf4 28. Qe2 Qe4 29.
Qxe4 dxe4 30. Nd2 f5 31. Nxc4 Nxc4 32. Ra7 Nd6 33. c4 Nxc4 34. Rxb7 Nd6 35. Rb8+ Kf7 36.
d5 Kf6 37. Kg2 Ke5 38. Kg3 Kxd5 39. Kf4 h6 40. Rh8 g5+ 41. Ke3 f4+ 42. Ke2 Nxb5 43.
Rxh6 Nd4+ 44. Kd2 c5 45. Kc3 Ne6 46. Rh8 Ke5 47. Rg8 Kf5 48. Kd2 Kg4 49. Re8 Kf5 50. Kc3 g4 51. Kd2 Nd4 52. Rf8+ Kg5 53. Rg8+ Kf5 54.
Rf8+ Ke5 55. Re8+ Kd5 56. Rg8 Nf3+ 57. Kc3 Ne5 58. Rg5 Ke6 59. Rg8 f3 60. Kd2 Nc4+ 61.
Ke1 Kf5 62. Rc8 Ne5 63. Rxc5 Kf4 64. Ra5 Nd3+ 65. Kf1 g3 66. fxg3+ Kxg3 67. Rd5 Kf4 68. Rd8 Ke3 69. Rd7 Kd2 70. Ra7 e3 71. Ra2+ Kd1 72. Ra1+ Nc1 0-1

[Event "Early-Titled-Tuesday-Blitz-July-09-2024"]
[Site "Chess.com"]
[Date "2024.07.09"]
[Round "5"]
[White "vladgoncharov"]
[Black "Smiechu"]
[Result "1-0"]
[WhiteElo "2644"]
[BlackElo "2447"]
[TimeControl "180+1"]
[EndTime "8:58:59 PDT"]
[Termination "vladgoncharov won by resignation"]

1. d4 Nf6 2. c4 c5 3. d5 e6 4. Nc3 exd5 5. cxd5 d6 6. Nf3 g6 7. Bf4 Bg7 8. Qa4+ Bd7 9. Qb3 Qc7 10. h3 O-O 11.
Nd2 b5 12. a3 a6 13. Rc1 Re8 14. e3 Bf5 15. Be2 Qe7 16. O-O Nbd7 17. a4 b4 18.
Ncb1 Bxb1 19. Rxb1 Ne5 20. Rbc1 h6 21. Bh2 g5 22. Rfe1 g4 23. Bxe5 Qxe5 24. hxg4 Qg5 25. Qc4 Nd7 26. b3 Bc3 27. Rcd1 Nf6 28. Bf3 Nd7 29.
Ne4 Rxe4 30. Qxe4 Bxe1 31. Rxe1 Ne5 32. Be2 Qg7 33. a5 Kf8 34. Qf5 Rb8 35. f4 Ng6 36. Qd7 Qf6 37. g3 Kg8 38. Kf2 Nf8 39. Qf5 Qc3 40.
Bc4 Re8 41. Re2 Ng6 42. Qd7 Re7 43. Qxd6 Qa1 44. Qxc5 Re8 45. d6 Nf8 46. Qf5 Qg7 47. d7 Rd8 48. Rd2 Qc3 49. Ke2 Ne6 50. Bxe6 fxe6 51.
Qxe6+ Kg7 52. Qe7+ Kg6 53. Qxd8 Qxb3 54. Qe8+ Kg7 55.
d8=Q 1-0

[Event "Early-Titled-Tuesday-Blitz-July-09-2024"]
[Site "Chess.com"]
[Date "2024.07.09"]
[Round "5"]
[White "GHANDEEVAM2003"]
[Black "sergoy"]
[Result "0-1"]
[WhiteElo "3173"]
[BlackElo "2953"]
[TimeControl "180+1"]
[EndTime "8:59:00 PDT"]
[Termination "sergoy won by resignation"]

1. c4 e5 2. d3 Nf6 3. Nf3 Nc6 4. a3 d5 5. cxd5 Nxd5 6. e3 g5 7. b4 g4 8. b5 gxf3 9. bxc6 fxg2 10. Bxg2 bxc6 11. Nd2 Bd6 12. Nc4 Be6 13. Qc2 Qd7 14. Bb2 f6 15. d4 exd4 16. Bxd4 O-O 17. h4 Qe7 18. h5 Bc5 19. Bb2 Rab8 20. h6 Kh8 21. Rg1 Rg8 22. O-O-O Rxb2 23. Nxb2 Bxa3 24. Bxd5 cxd5 25. Rxg8+ Bxg8 26. Kb1 Qf7 27. Rd4 Bf8 28. Rh4 c5 29. Qa4 Qg6+ 30. Kc1 Bxh6 31. Qxa7 c4 32.
Qd4 Bg7 33. Qg4 Qxg4 34. Rxg4 Be6 35. Rh4 Bf8 36. Na4 Kg7 37. Nc3 Bb4 38. Ne2 Bf7 39. Nd4 h5 40. Rh1 Bc5 41. Rg1+ Kf8 42. Nf5 Be6 43. Ng7 Bg4 44. Kc2 Kxg7 45. f3 Bxe3 46.
Re1 Bf4 47. fxg4 hxg4 48. Kc3 Be5+ 49. Kb4 g3 50. Kc5 c3 51. Kxd5 c2 52. Rc1 g2 53.
Rg1 Kf7 54. Ke4 Bb2 55. Kf3 c1=Q 56. Rxc1 Bxc1 57. Kxg2 Ke6 58. Kf3 Kf5 59. Ke2 Ke4 0-1

[Event "Early-Titled-Tuesday-Blitz-July-09-2024"]
[Site "Chess.com"]
[Date "2024.07.09"]
[Round "5"]
[White "PedroGil25"]
[Black "RedFirePanda"]
[Result "1-0"]
[WhiteElo "2631"]
[BlackElo "2462"]
[TimeControl "180+1"]
[EndTime "8:59:00 PDT"]
[Termination "PedroGil25 won by checkmate"]

1. e4 d5 2. exd5 Qxd5 3. Nc3 Qd8 4. Bc4 Nf6 5. Nf3 Bf5 6. d4 e6 7. Ne5 c6 8. O-O Be7 9. Bb3 O-O 10. Be3 Nbd7 11. h3 h6 12. Qf3 Bh7 13. Rad1 Nb6 14. Rfe1 Nbd5 15. Bd2 Nxc3 16. Bxc3 Nd5 17. Bd2 a5 18. a4 Bb4 19. c3 Be7 20. c4 Nb4 21.
Bc3 Bf6 22. Ng4 Be7 23. Qg3 Bg6 24. Ne5 Bh4 25. Qf3 Bh7 26. Ng4 Bg6 27. Ne5 Bh7 28. g3 Be7 29. h4 Rc8 30. Kh2 Bf6 31. Ng4 Be7 32. Re2 Bf5 33. Ne5 Bf6 34. Bxb4 axb4 35.
c5 Qe7 36. Qe3 Rcd8 37. Red2 Qc7 38. Kg2 Qe7 39. Nc4 Qc7 40. Nd6 Be7 41. Nxf5 exf5 42. Qf3 g6 43. h5 Kg7 44. d5 cxd5 45. Rxd5 Rxd5 46. Rxd5 Rd8 47. hxg6 fxg6 48. g4 fxg4 49. Qxg4 Rxd5 50. Bxd5 Qxc5 51. Qe6 h5 52. Qf7+ Kh6 53. b3 Bd6 54. Qg8 Bf8 55. Qh8+ Kg5 56. Qe5+ Kh6 57. Qh8+ Kg5 58. Bxb7 Qc7 59. Be4 Be7 60. Qg8 Qd6 61. Qf7 Kh6 62. Qg8 g5 63. Qh7# 1-0

[Event "Early-Titled-Tuesday-Blitz-July-09-2024"]
[Site "Chess.com"]
[Date "2024.07.09"]
[Round "5"]
[White "Timerkhanov"]
[Black "GiorgianBarbosa"]
[Result "0-1"]
[WhiteElo "2662"]
[BlackElo "2515"]
[TimeControl "180+1"]
[EndTime "8:59:05 PDT"]
[Termination "GiorgianBarbosa won by checkmate"]

1. d4 Nf6 2. Bg5 e6 3. Nd2 d5 4. e3 Be7 5. Bd3 O-O 6. f4 b6 7.
Qe2 c5 8. c3 Bb7 9. Bxf6 Bxf6 10. Ngf3 Nc6 11. O-O Ne7 12. g4 g6 13. h4 Bg7 14. Kg2 Qd6 15. Rh1 a6 16. h5 Rfc8 17. hxg6 hxg6 18. Ne5 b5 19. Qf3 b4 20. Qh3 Kf8 21.
Ndf3 bxc3 22. bxc3 cxd4 23. cxd4 Rc3 24. Ng5 Qa3 25. Nh7+ Ke8 26. Rad1 Bxe5 27. fxe5 Rxd3 28. Nf6+ Kd8 29. Rc1 Rd2+ 30. Kf3 Nc6 31. Qh8+ Kc7 32. Qg7 Qf8 33. Rh7 Qxg7 34. Rxg7 Rf8 35. Nh7 Rd8 36. Rxf7+ Rd7 37. Rf6 Rxh7 38. Rxg6 Rhh2 39. Kf4 Rdf2+ 40. Kg5 Rxa2 41. Rg7+ Kb6 42. Rb1+ Rab2 43.
Rc1 Rhc2 44. Ra1 a5 45. Rg6 Nd8 46. Rg8 Nc6 47. Re8 Kc7 48. Rxe6 Rf2 49. Rh6 Rf7 50.
e6 Re7 51. Rf1 Kd6 52. Kf5 Bc8 53. g5 Re2 54. g6 Rxe3 55. Kg5 Nxd4 56. Rh7 Bxe6 57.
g7 Rg3+ 58. Kf6 Rf7# 0-1

[Event "Early-Titled-Tuesday-Blitz-July-09-2024"]
[Site "Chess.com"]
[Date "2024.07.09"]
[Round "5"]
[White "ShahMatKanal"]
[Black "VirtualCoach"]
[Result "1-0"]
[WhiteElo "2551"]
[BlackElo "2320"]
[TimeControl "180+1"]
[EndTime "8:59:07 PDT"]
[Termination "ShahMatKanal won on time"]

1. d4 Nf6 2. c4 e6 3. Nc3 Bb4 4. Qc2 O-O 5. a3 Bxc3+ 6. Qxc3 d5 7. Bg5 Nbd7 8. e3 h6 9. Bh4 c5 10. Nf3 cxd4 11. exd4 dxc4 12. Bxc4 Nb6 13. Ba2 Nbd5 14. Qd2 Qb6 15. O-O Bd7 16. Ne5 Bb5 17. Rfe1 Rad8 18. Rad1 Rd6 19. Nc4 Bxc4 20. Bxc4 Rc8 21. Ba2 Rd7 22.
Bb1 Rcd8 23. b4 Qd6 24. Bg3 Qe7 25.
Qd3 Nb6 26. Be5 Nbd5 27. Rc1 Ra8 28. Rc5 a5 29. b5 a4 30. Rec1 g6 31. Rc8+ Rxc8 32.
Rxc8+ Rd8 33. Rc1 Nb6 34. h4 Nbd7 35. Bf4 Nd5 36. Bxh6 Qxh4 37. Bd2 Qf6 38. g3 N7b6 39. Ba5 Ra8 40. Bxb6 Nxb6 41. Rc7 Rd8 42. Rxb7 Rxd4 43.
Qe2 Nd5 44. Bd3 Nc3 45. Qe3 Nd1 46. Qe2 Nc3 47. Qd2 Ne4 48. Qe3 Ng5 49. Kg2 Rd8 50. Rb6 Nh7 51. Be2 Nf8 52. Bf3 Nd7 53. Rc6 Ne5 54.
Rc7 g5 55. b6 g4 56. Be4 Ng6 57. b7 Qe5 58. Rc8 1-0

[Event "Early-Titled-Tuesday-Blitz-July-09-2024"]
[Site "Chess.com"]
[Date "2024.07.09"]
[Round "5"]
[White "Irina_Mikhaylova"]
[Black "FerAsensio2024"]
[Result "0-1"]
[WhiteElo "2386"]
[BlackElo "2530"]
[TimeControl "180+1"]
[EndTime "8:59:09 PDT"]
[Termination "FerAsensio2024 won on time"]

1. d4 d5 2. Nf3 Nf6 3. c4 e6 4. Bg5 Be7 5. e3 h6 6. Bh4 O-O 7. Nc3 a6 8. a3 Nbd7 9. Qc2 Rb8 10. Rd1 dxc4 11. Bxc4 b5 12. Ba2 Bb7 13. Bb1 g6 14. Bxf6 Nxf6 15. Ne5 Qe8 16. h4 h5 17.
Rg1 Kg7 18. f3 Nd5 19. Nxd5 exd5 20. g3 Bd6 21. f4 c5 22. Kf2 Rc8 23. Qd2 Qe7 24.
Rge1 Rce8 25. Kg2 Bc8 26. Rf1 c4 27. Rde1 f6 28. Nf3 Bb7 29. Qc2 Qf7 30. Ne5 Bxe5 31. fxe5 f5 32. Qf2 Qe7 33. Qf4 a5 34. Bc2 b4 35.
Ba4 Rc8 36. Bb5 Bc6 37. Bxc6 Rxc6 38. e4 dxe4 39. d5 Rcc8 40. d6 Qe6 41. Rd1 Rfd8 42. Rd4 Rd7 43. Rfd1 bxa3 44. bxa3 c3 45. Qe3 Rc5 46.
Qf4 Qxe5 47. Qxe5+ Rxe5 48. Rc4 Re6 49. Rxc3 Rexd6 50. Rxd6 Rxd6 51. Kh3 Rd3 52. Rc7+ Kh6 53. Kg2 Rxa3 54.
Re7 Ra2+ 55. Kf1 a4 0-1

[Event "Early-Titled-Tuesday-Blitz-July-09-2024"]
[Site "Chess.com"]
[Date "2024.07.09"]
[Round "5"]
[White "Schack-Hugo"]
[Black "jumpingknight20"]
[Result "0-1"]
[WhiteElo "2545"]
[BlackElo "2786"]
[TimeControl "180+1"]
[EndTime "8:59:11 PDT"]
[Termination "jumpingknight20 won by resignation"]

1. Nf3 g6 2. g3 Bg7 3. Bg2 Nf6 4. O-O O-O 5. d4 d5 6. b3 c6 7. c4 Ne4 8. Bb2 Bf5 9. Nc3 Nd7 10. Nh4 Nxc3 11. Bxc3 Be6 12. e4 Nf6 13. cxd5 cxd5 14. e5 Ne4 15. Bb2 Rc8 16. Nf3 Qa5 17. a3 Rc7 18. b4 Qa6 19. Nd2 Nc3 20. Qb3 Rfc8 21. Kh1 Na4 22. Rac1 Nxb2 23. Qxb2 Qd3 24. Rc5 b6 25.
Rxc7 Rxc7 26. Nf3 Rc2 27. Qb1 Rc3 28. Qxd3 Rxd3 29. Rc1 Rxa3 30. Ng5 Bh6 31. h4 Ra4 32.
Rc7 Bxg5 33. hxg5 Kf8 34. b5 Rxd4 35. Rxa7 Rd1+ 36. Kh2 Rb1 37. Ra8+ Kg7 38. f4 Rxb5 39.
Kg1 Rb1+ 40. Kf2 Rb2+ 41. Kf1 d4 42. Rd8 Bc4+ 43. Kg1 d3 44. Rd4 d2 45. Bf3 b5 46.
Bd1 Rb1 47. Rxd2 Bb3 48. Kf2 Rxd1 49. Rb2 Bc4 50. g4 f6 51. gxf6+ exf6 52. e6 Rf1+ 53. Kg3 f5 54. Rd2 Bxe6 55. Rd6 Kf7 56. Rb6 fxg4 57.
Kh4 Rh1+ 58. Kg3 Rh3+ 59. Kg2 Rb3 60. Rb7+ Kf6 61. Rxh7 b4 62. Rb7 Bd5+ 63. Kh2 Bxb7 0-1

[Event "Early-Titled-Tuesday-Blitz-July-09-2024"]
[Site "Chess.com"]
[Date "2024.07.09"]
[Round "5"]
[White "baki83"]
[Black "vladjianu"]
[Result "1/2-1/2"]
[WhiteElo "2797"]
[BlackElo "2588"]
[TimeControl "180+1"]
[EndTime "8:59:11 PDT"]
[Termination "Game drawn by stalemate"]

1. e4 c6 2. d4 d5 3. e5 c5 4.
dxc5 e6 5. a3 Bxc5 6. b4 Be7 7.
Nf3 f6 8. Bb2 a5 9. b5 Nd7 10.
Nbd2 Nh6 11. Bd3 Nf7 12. exf6 Bxf6 13. Bxf6 Qxf6 14. c4 Nc5 15. Bc2 b6 16. cxd5 exd5 17. O-O O-O 18. Nb3 Bb7 19. Qd4 Qxd4 20. Nbxd4 Nd6 21.
Nc6 Nxb5 22. Ne7+ Kh8 23. Rfb1 Nc3 24. Rxb6 Rae8 25. Nf5 Ne2+ 26. Kh1 d4 27. Nd6 Re7 28. Nxb7 Rxb7 29. Rxb7 Nxb7 30. Re1 Nc3 31. Nxd4 g6 32. Kg1 Nd6 33. f3 Rf4 34. Ne6 Rf6 35. Nc5 Ndb5 36.
Re3 Rc6 37. Na4 Nd5 38. Re8+ Kg7 39. Be4 Rc1+ 40. Kf2 Nf6 41. Re7+ Kf8 42. Re5 Nd6 43. Rxa5 Nfxe4+ 44. fxe4 Nxe4+ 45. Kf3 Nd2+ 46. Kg3 Ra1 47. Nc5 Nc4 48. Ra8+ Ke7 49. a4 Kd6 50. Ne4+ Ke5 51. Ng5 Ra3+ 52. Nf3+ Kf6 53. h4 h6 54. Kh3 g5 55.
hxg5+ hxg5 56. Kg3 Nd6 57. Ra6 Ke7 58. Kg4 Ne4 59. Nxg5 Nxg5 60. Kxg5 Rg3+ 61. Kf4 Rxg2 62. Ke4 Ra2 63. Kd4 Kd7 64. Kc4 Kc7 65. Kb5 Rb2+ 66. Ka5 Kb7 67. Rh6 Rb1 68. Rh5 Rb2 69. Rb5+ Rxb5+ 70. axb5 Ka7 71. Kb4 Kb6 72. Kc4 Kc7 73. Kc5 Kb7 74.
b6 Kb8 75. Kb5 Kb7 76. Ka5 Kb8 77. Ka6 Ka8 78. Kb5 Kb7 79. Kc5 Kb8 80. Kc6 Kc8 81. b7+ Kb8 82. Kb6 1/2-1/2

[Event "Early-Titled-Tuesday-Blitz-July-09-2024"]
[Site "Chess.com"]
[Date "2024.07.09"]
[Round "5"]
[White "yonaltimur"]
[Black "AwareIdea"]
[Result "0-1"]
[WhiteElo "2248"]
[BlackElo "2487"]
[TimeControl "180+1"]
[EndTime "8:59:11 PDT"]
[Termination "AwareIdea won by checkmate"]

1. e4 c5 2. Nf3 d6 3. Bb5+ Nd7 4. O-O a6 5. Bd3 g6 6. c3 Bg7 7. Bc2 Ngf6 8. d4 cxd4 9. cxd4 O-O 10. Nc3 b5 11. Re1 Bb7 12. a3 Rc8 13. Bf4 Nb6 14. Bb3 Nc4 15. Qe2 Qb6 16. h3 Nh5 17. Be3 Nxe3 18.
Qxe3 e6 19. Rac1 Rfe8 20. Ne2 Nf6 21. Nc3 h6 22. Red1 Rc7 23. Rc2 Rec8 24. Rdc1 a5 25. e5 dxe5 26. dxe5 Qxe3 27. fxe3 Nd7 28. Nxb5 Rxc2 29.
Rxc2 Rxc2 30. Bxc2 Nxe5 31. Nxe5 Bxe5 32. Nd4 Kf8 33.
Kf2 Ke7 34. Ba4 g5 35. g4 Bxd4 36. exd4 f5 37. b4 axb4 38. axb4 Kd6 39. Be8 Kd5 40. Bf7 Kxd4 41. Bxe6 f4 42. Bd7 Kc4 43. b5 Kc5 44.
Be8 Kb6 45. Bd7 Bd5 46. Be8 Bc4 47. h4 Bxb5 48. hxg5 hxg5 49. Bg6 Kc5 50. Bf5 Kd4 51. Bc8 Bc4 52. Bf5 Ke5 53. Kf3 Bd5+ 54. Kf2 Be6 55. Bd3 Bxg4 56. Bf1 Bf5 57. Bg2 g4 58. Ke2 Be4 59. Bf1 Kd4 60. Kf2 g3+ 61. Kg1 f3 62. Bg2 f2+ 63. Kh1 f1=Q# 0-1

[Event "Early-Titled-Tuesday-Blitz-July-09-2024"]
[Site "Chess.com"]
[Date "2024.07.09"]
[Round "5"]
[White "LeoLV10"]
[Black "Cmorales2001"]
[Result "0-1"]
[WhiteElo "2524"]
[BlackElo "2355"]
[TimeControl "180+1"]
[EndTime "8:59:12 PDT"]
[Termination "Cmorales2001 won by resignation"]

1. e4 c6 2. d4 d5 3. e5 Bf5 4. h4 h5 5. Bd3 Bxd3 6. Qxd3 Qa5+ 7. Nd2 e6 8. Nf3 Ne7 9. O-O Nd7 10. a4 Nf5 11. Nb3 Qa6 12. Qd1 Be7 13. g3 Rc8 14.
c3 c5 15. dxc5 Nxc5 16. Nbd4 Nxd4 17. Nxd4 Qd3 18. Be3 a6 19. Qe1 Qe4 20. Qd2 Bxh4 21. Rae1 Qg6 22. Nf3 Be7 23. Bxc5 Bxc5 24. Nh4 Qxg3+ 25.
Ng2 Rh6 26. Qf4 Qxf4 27. Nxf4 g6 28. Kg2 Kf8 29. Rh1 Kg7 30. Rd1 Rhh8 31. Rh3 Be7 32. Rdh1 Rc4 33. Kf3 Rxa4 34. Rg3 h4 35. Rg4 Re4 36.
Nd3 Rxg4 37. Kxg4 Rc8 38. f4 Rc4 39. Rh3 Re4 40. Nf2 Re2 41. Nd3 Rd2 42. Rf3 Kh6 43.
Rh3 Rg2+ 44. Kf3 Rg1 45. Kf2 Rd1 46. Ke2 Rb1 47. Kf3 g5 48. fxg5+ Bxg5 49. Kg4 Rg1+ 50. Kf3 Kh5 51. Kf2 Rg4 52. Rf3 Kg6 53. Rh3 Re4 54.
Kf3 Re3+ 55. Kg2 Rxh3 56. Kxh3 Kf5 57. Nc5 Kxe5 58. Kg4 Bd8 59. Nxb7 Bb6 60. b3 d4 61. cxd4+ Bxd4 62. Na5 Bf2 63. Nc4+ Kd5 64. Kf3 Bc5 65. Kg4 Be7 66. Nb6+ Kc6 67. Nc4 f5+ 68. Kf4 Kd5 69. Nb6+ Kd4 70. Nc8 Bd8 71. Kf3 Kc5 72. Na7 Kb6 73.
Nc8+ Kc7 74. Na7 Kb7 0-1

[Event "Early-Titled-Tuesday-Blitz-July-09-2024"]
[Site "Chess.com"]
[Date "2024.07.09"]
[Round "5"]
[White "EpicWarrior2015"]
[Black "KNVB"]
[Result "0-1"]
[WhiteElo "2467"]
[BlackElo "2668"]
[TimeControl "180+1"]
[EndTime "8:59:13 PDT"]
[Termination "KNVB won by checkmate"]

1. e4 b6 2. d4 Bb7 3. Nc3 e6 4. Nf3 Bb4 5. Bd3 Nf6 6. Qe2 d5 7.
e5 Ne4 8. Bd2 Bxc3 9. Bxc3 c5 10.
Qe3 Nxc3 11. bxc3 cxd4 12. cxd4 Ba6 13. O-O Bxd3 14. Qxd3 Nc6 15. Nd2 O-O 16. Nb3 Rc8 17. c3 Qc7 18. Rfc1 Ne7 19. Nd2 Qd7 20. a4 Rc7 21. a5 b5 22. Rab1 a6 23. Nb3 Rfc8 24. Nc5 Rxc5 25. dxc5 Rxc5 26. Qd4 Qc7 27. f4 h5 28. g3 Nf5 29. Qd3 Qxa5 30. Ra1 Qb6 31. Kh1 Rc4 32. Rcb1 g6 33. Ra3 Qc6 34. Qf3 Kg7 35.
Rba1 b4 36. Rxa6 Qc5 37. R6a5 Qe3 38. Qxe3 Nxe3 39. cxb4 Rxb4 40. R5a4 Rb8 41. Kg1 h4 42. Kf2 Ng4+ 43. Kg2 Rb2+ 44. Kh3 Nxh2 45. Kxh4 Nf3+ 46. Kg4 Nh2+ 47. Kh3 Nf3 48. R4a2 Rb3 49. Kg2 Nd4 50. Rd1 Nf5 51. Re1 Rxg3+ 52. Kf2 Rg4 53. Kf3 Rg3+ 54. Kf2 Rh3 55. Ree2 Rh4 56. Ra4 g5 57.
Rd2 Rh2+ 58. Ke1 Rh1+ 59. Ke2 g4 60. Kf2 Rh2+ 61. Ke1 Rh1+ 62. Kf2 Rh2+ 63. Ke1 g3 64.
Ra3 Rh1+ 65. Ke2 g2 66. Kf2 g1=Q+ 67. Ke2 Qf1# 0-1

[Event "Early-Titled-Tuesday-Blitz-July-09-2024"]
[Site "Chess.com"]
[Date "2024.07.09"]
[Round "5"]
[White "ViIIagra"]
[Black "KogotBobra17"]
[Result "1/2-1/2"]
[WhiteElo "2870"]
[BlackElo "2666"]
[TimeControl "180+1"]
[EndTime "8:59:16 PDT"]
[Termination "Game drawn - insufficient material"]

1. e4 c5 2. Be2 d5 3. d3 dxe4 4. dxe4 Qxd1+ 5. Kxd1 Nc6 6. c3 b6 7. Kc2 Bb7 8. a4 g6 9. f3 Bg7 10. Na3 Nf6 11. Be3 O-O 12. Nh3 Rac8 13. Nf2 Nd4+ 14.
Kd1 Nb3 15. Ra2 Rfd8+ 16. Ke1 Na5 17. Nc4 Nxc4 18. Bxc4 Nd7 19. f4 Nf6 20. e5 Nd5 21. Bd2 a6 22. Ra1 Nc7 23. Ke2 Bxg2 24. Rhd1 b5 25.
axb5 axb5 26. Bb3 c4 27. Bc2 Ne6 28. f5 Nc5 29. e6 gxf5 30. Rg1 Bf3+ 31. Kxf3 Rxd2 32.
exf7+ Kxf7 33. Bxf5 Rf8 34. Ne4 Kg8 35. Nxd2 Rxf5+ 36.
Ke2 Nd3 37. b3 Nf4+ 38. Kd1 Nd5 39. bxc4 Nxc3+ 40. Kc2 bxc4 41. Rxg7+ Kxg7 42. Kxc3 Rf2 43. Rh1 Kg6 44. Nxc4 Kg5 45. Kd3 Kh4 46. Ke3 Rc2 47. Ne5 Kh3 48. Nf3 Rc3+ 49. Ke2 Rc2+ 50. Kd3 Ra2 51. Rg1 Ra3+ 52. Ke4 Ra4+ 53. Kf5 Ra5+ 54. Ke6 Ra6+ 55. Kxe7 Ra7+ 56. Ke6 Ra6+ 57. Kd5 Ra5+ 58. Kc4 Ra4+ 59. Kb3 Rg4 60. Rxg4 Kxg4 61. Ng1 Kf4 62. Kc4 Ke3 63. h4 Kf4 64. Kd5 Kg4 65.
Ke4 Kxh4 66. Kf4 Kh5 67. Kf5 Kh4 68. Kf6 Kg3 69. Kg5 h5 70. Kxh5 1/2-1/2

[Event "Early-Titled-Tuesday-Blitz-July-09-2024"]
[Site "Chess.com"]
[Date "2024.07.09"]
[Round "5"]
[White "Flawless_Fighter"]
[Black "Oleg_Papayan"]
[Result "0-1"]
[WhiteElo "2784"]
[BlackElo "2590"]
[TimeControl "180+1"]
[EndTime "8:59:16 PDT"]
[Termination "Oleg_Papayan won by checkmate"]

1. Nf3 Nf6 2. g3 c5 3. Bg2 Nc6 4. c4 d5 5. cxd5 Nxd5 6. O-O e5 7. Nc3 Nc7 8. d3 Be7 9. Be3 O-O 10. Rc1 b6 11. a3 a5 12. Nd2 Bd7 13. Nc4 Rb8 14. Bxc6 Bxc6 15. Nxe5 Ba8 16. f3 Bf6 17.
Ng4 Be7 18. Nf2 Re8 19. Bf4 Rc8 20. g4 Ne6 21. Bg3 Bg5 22. Rb1 Be3 23. Kg2 Nf4+ 24. Bxf4 Bxf4 25. Nce4 f5 26. gxf5 Qh4 27. Rh1 Re5 28.
Ng3 Rce8 29. e4 g6 30. Qb3+ Kh8 31. Qxb6 gxf5 32. Nxf5 Qg5+ 33. Ng4 Rxf5 34. h4 Qg7 35. Rhg1 Rff8 36. Kf2 Qd7 37. Qb3 Qd4+ 38. Ke2 Rd8 39. Qc3 Qxc3 40. bxc3 c4 41. d4 Rb8 42. Ne3 Bxe3 43. Kxe3 Rb3 44. Rxb3 cxb3 45. a4 Bc6 46.
Ra1 Bxa4 47. Kd3 b2 48. Rb1 Rb8 49. d5 Bd1 50. d6 Bxf3 51. c4 a4 52. d7 Bg4 53. Rxb2 Rd8 54. c5 Rxd7+ 55. Kc4 a3 56. Ra2 Be6+ 57. Kb5 Bxa2 58. Kb4 Bb1 59. Kxa3 Bxe4 60.
Kb4 Bc6 61. Kc4 Rd5 62. Kb4 Rh5 63. Ka5 Rxh4 64. Kb6 Bf3 65. c6 Bxc6 66. Kxc6 Rg4 67. Kd7 Rg7+ 68. Ke6 h5 69. Kf6 h4 70. Kf5 h3 71.
Kf6 h2 72. Kf5 h1=Q 73. Kf6 Qh6+ 74. Kf5 Rg5+ 75. Ke4 Qh4+ 76. Kf3 Rg3+ 77. Kf2 Qh2+ 78. Kf1 Rg1# 0-1

[Event "Early-Titled-Tuesday-Blitz-July-09-2024"]
[Site "Chess.com"]
[Date "2024.07.09"]
[Round "5"]
[White "Ginger_GM"]
[Black "Dr_Pepper18"]
[Result "1-0"]
[WhiteElo "2606"]
[BlackElo "2442"]
[TimeControl "180+1"]
[EndTime "8:59:17 PDT"]
[Termination "Ginger_GM won by checkmate"]

1. d4 Nf6 2. Bg5 Ne4 3. h4 h6 4. Bf4 d5 5. Nd2 Nd6 6. e3 Bf5 7. Ngf3 e6 8. Ne5 Nd7 9. g4 Bh7 10. Bd3 Bxd3 11. cxd3 f6 12. Ng6 Rg8 13. g5 fxg5 14.
hxg5 hxg5 15. Be5 Nf6 16. Nf3 Qd7 17. Nxg5 O-O-O 18. Qc2 Kb8 19. O-O-O Rc8 20. Kb1 Ka8 21. Rc1 Nf7 22. Nxf7 Qxf7 23. Nxf8 Qxf8 24. Rhg1 c6 25.
Rg6 Nd7 26. f4 Qf5 27. Rcg1 c5 28. Rxg7 Rxg7 29. Rxg7 Nxe5 30. dxe5 d4 31. Rg5 Qf8 32. Qf2 dxe3 33. Qxe3 Qd8 34. a3 Qd5 35. Rg3 c4 36.
dxc4 Qxc4 37. Rg1 Qc2+ 38. Ka1 a6 39. Re1 Rc4 40. Qb6 Qd2 41. Rb1 Rc1 42. Rxc1 Qxc1+ 43. Ka2 Qc4+ 44. Qb3 Qxf4 45. Qxe6 Qe4 46. Kb3 Ka7 47.
Qd6 Qe3+ 48. Ka2 Qe4 49. e6 Qc4+ 50. Kb1 Qf1+ 51. Kc2 Qe2+ 52. Kc3 Qe3+ 53. Kc4 b5+ 54. Kd5 Qd3+ 55. Kc6 Qc2+ 56. Kd7 Qh7+ 57. e7 Qf5+ 58.
Kd8 Qg5 59. Qd7+ Kb6 60. Kc8 Qc5+ 61. Kd8 Qg5 62. Qe6+ Ka5 63. Kd7 Qd2+ 64. Qd6 Qe3 65. e8=Q Qxe8+ 66. Kxe8 Ka4 67. Qb4# 1-0

[Event "Early-Titled-Tuesday-Blitz-July-09-2024"]
[Site "Chess.com"]
[Date "2024.07.09"]
[Round "5"]
[White "familijatop71"]
[Black "pinelone"]
[Result "1/2-1/2"]
[WhiteElo "2314"]
[BlackElo "2389"]
[TimeControl "180+1"]
[EndTime "8:59:17 PDT"]
[Termination "Game drawn - insufficient material"]

1. e4 c6 2. d4 d5 3. e5 c5 4. c3 Nc6 5. Be2 Bf5 6. Nf3 e6 7. O-O Bg4 8. Nbd2 cxd4 9. cxd4 Nge7 10. a3 Nf5 11. b4 Be7 12. Bb2 O-O 13. h3 Bxf3 14.
Nxf3 Rc8 15. Rc1 a6 16. Qd2 Na7 17. Rxc8 Nxc8 18. g4 Nh6 19. Ne1 Nb6 20. Bc1 Kh8 21.
Bd3 Ng8 22. f4 Nc4 23. Qg2 Qb6 24. Nf3 f6 25. Kh2 Qc7 26. Qg3 fxe5 27. dxe5 b5 28.
f5 d4 29. fxe6 Ne3 30. Bxe3 dxe3 31. Nh4 Rxf1 32. Bxf1 Bxh4 33. Qxh4 Qxe5+ 34. Qg3 Qxe6 35. Be2 h6 36. Qf3 Nf6 37. Bd3 Qe5+ 38. Kg2 Qd5 39. Qxd5 Nxd5 40. Kf3 g5 41. Ke4 Nf4 42. Kxe3 Kg7 43.
Bf1 Kf6 44. Ke4 Ke6 45. Kd4 Kd6 46. Ke4 Ke6 47. Kd4 Kd6 48. Ke4 Ng6 49. Kf5 Nh4+ 50. Kf6 Kd5 51. Kg7 Ke4 52. Kxh6 Kf4 53. Kh5 Nf3 54.
Bg2 Nd4 55. Bb7 Nc2 56. Bxa6 Nxa3 57. h4 gxh4 58. Kxh4 Nc2 59. Bxb5 Nxb4 60. g5 Nd5 61. Kh5 Ke5 62. Kh6 Kd6 63. g6 Ne7 64. g7 Nf5+ 65. Kg6 Nxg7 1/2-1/2